 Dungeon Crawl Stone Soup version 0.30-a0-859-gf88a04b62d (webtiles) character file.

Game seed: 16329737674797030877

361 ragingrage the Chopper (level 6, -2/42 (47) HPs)
             Began as a Hill Orc Wanderer on Mar 6, 2023.
             Slain by a wight
             ... wielding a +1 falchion
              (11 damage)
             ... on level 3 of the Dungeon.
             The game lasted 00:05:57 (3874 turns).

ragingrage the Chopper (Hill Orc Wanderer)          Turns: 3874, Time: 00:05:58

HP:   -2/42 (47)    AC:  6    Str: 15    XL:     6   Next: 66%
MP:   16/16         EV: 15    Int: 10    God:
Gold: 160           SH:  0    Dex: 14    Spells: 6/7 levels left

rFire   . . .      SeeInvis .    a - +2 war axe (vamp)
rCold   . . .      Faith    .    (no shield)
rNeg    . . .      Spirit   .    u - +0 ring mail
rPois   .          Reflect  .    (no helmet)
rElec   .          Rampage  .    (no cloak)
rCorr   .                        p - +0 pair of gloves
Will    .....                    (no boots)
Stlth   +                        (no amulet)
HPRegen 0.27/turn                r - ring of magical power
MPRegen 0.15/turn                s - +5 ring of evasion

@: heavily drained
A: no striking features
a: no special abilities


You were on level 3 of the Dungeon.
You visited 1 branch of the dungeon, and saw 4 of its levels.

You collected 296 gold pieces.
You spent 136 gold pieces at shops.

Inventory:

Hand Weapons
 a - a +2 vampiric war axe (weapon)
Missiles
 d - a throwing net
 f - 9 poisoned darts (quivered)
 k - 5 curare-tipped darts
Armour
 p - a +0 pair of gloves (worn)
 u - a +0 ring mail (worn)
Jewellery
 r - a ring of magical power (left hand)
 s - a +5 ring of evasion (right hand)
 y - a ring of fire
Wands
 b - a wand of polymorph (6)
Scrolls
 c - 2 scrolls of fear
 h - a scroll of enchant weapon
 n - a scroll of teleportation
 o - a scroll of vulnerability {unknown}
 q - a scroll of poison {unknown}
 v - a scroll of amnesia
Potions
 e - a potion of ambrosia {unknown}
 g - 3 potions of mutation
 i - a potion of invisibility {unknown}
 j - a potion of flight {unknown}
 m - a potion of haste {unknown}
 t - a potion of curing {unknown}


   Skills:
 - Level 1.2 Fighting
 - Level 4.1 Long Blades
 + Level 6.9 Axes
 - Level 1.0 Dodging
 - Level 1.0 Spellcasting
 - Level 4.0 Hexes
 - Level 2.0 Evocations


You had 6 spell levels left.
You knew the following spells:

 Your Spells              Type           Power      Damage    Failure   Level
a - Slow                  Hex            32%        N/A       13%         1

Your spell library contained the following spells:

 Spells                   Type           Power      Damage    Failure   Level
 Dazzling Flash           Conj/Hex       8%         N/A       65%         3
 Portal Projectile        Hex/Tloc       8%         N/A       65%         3


Dungeon Overview and Level Annotations

Branches:
Dungeon (4/15)
 Temple: D:4-7

Altars:
Cheibriados
Gozag
Ru

Shops:
D:2 (   D:4 [

Annotations:
D:3 exclusion: downstairs
D:4 Edmund


Message History

You feel drained.
You barely miss the wight. The wight completely misses you.
The wight closely misses you.
You closely miss the wight. The wight hits you with a +1 falchion.
You closely miss the wight. The wight barely misses you.
Casting: Slow (safe; 13% risk of failure)
Aiming: Slow (safe; 13% risk of failure)
Aim: a wight, wielding a +1 falchion and wearing a +0 robe (lightly damaged, chance to affect: 41%)
The wight seems to slow down.
The wight closely misses you.
The wight is no longer moving slowly.
You see here an iguana corpse.
There is a stone staircase leading up, spattered with blood here.
You climb upwards.
Level annotation: exclusion: downstairs
There is a stone staircase leading down here.
There is an escape hatch in the floor here.
You slide downwards.
The hatch slams shut behind you.
Level annotation: Edmund Edmund says, "I'm quite good with sums, too."
Unknown command.
There are monsters nearby!
The wight hits you with a +1 falchion!
There is a stone staircase leading up, spattered with blood here.
The wight barely misses you.
You climb upwards.
Level annotation: exclusion: downstairs
There is a stone staircase leading down here.
You barely miss the wight. The wight misses you.
You slash the wight! The wight misses you.
You barely miss the wight. The wight misses you.
The wight hits you with a +1 falchion.
You closely miss the wight. The wight closely misses you.
You closely miss the wight. The wight hits you with a +1 falchion.
You hit the wight but do no damage. The wight barely misses you.
You barely miss the wight. The wight hits you with a +1 falchion!
* * * LOW HITPOINT WARNING * * *
You feel drained.
* * * LOW HITPOINT WARNING * * *
You closely miss the wight. The wight hits you with a +1 falchion!
You die...

#
#.......#..#...########..#
####
#..##.#...###............##
...#
#..#..##......#########....
##.# #.............###
#..... #.#
#...............# #...##
#.# ###..########.#.# #...#
#.# #..# ##....#.######...#
#.# #..# #..z#.#..........#
#<#
#..####รท@.#............#
#.#
#..##........#........##
#.# #...)..........########
#.# #.###..>.....###
#.######.#####...#.##
#................#.#
########)#########.# #.#
#.# #####.# #####.#


You could see a wight.

Vanquished Creatures
  A sleepcap (D:3)
  2 orc priests (D:3)
  3 iguanas (D:4)
  An orc wizard (D:2)
  A mummy (D:4)
  4 gnolls (D:3)
  5 adders
  A worm (D:3)
  2 dart slugs
  5 orcs
  5 ball pythons
  5 endoplasms
  A giant cockroach (D:3)
  5 goblins
  7 hobgoblins
  8 jackals
  2 kobolds
  3 quokkas
  3 bats
  A frilled lizard (D:1)
  4 rats
  3 toadstools (D:1)
72 creatures vanquished.

Vanquished Creatures (others)
  A fungus (D:1)
  9 plants (D:3)
  A toadstool (D:1)
11 creatures vanquished.

Grand Total: 83 creatures vanquished

Notes
Turn   | Place    | Note
-------+----------+-------------------------------------------
     0 | D:1      | ragingrage the Hill Orc Wanderer began the quest for the
                  | Orb.
     0 | D:1      | ragingrage set off with the following items: a +0 falchion,
                  | a wand of polymorph (6), a scroll of fear, a +0 leather
                  | armour; and the following spell memorised: Slow; and the
                  | following spells available to memorise: Dazzling Flash,
                  | Portal Projectile.
     0 | D:1      | Reached XP level 1. HP: 16/16 MP: 2/2
   340 | D:1      | Reached XP level 2. HP: 14/23 MP: 3/3
   782 | D:2      | Found Yrotof's Antique Weapon Shoppe.
  1034 | D:2      | Bought a smoking spear for 136 gold pieces
  1034 | D:2      | Identified the +0 spear of Obraefed {speed, *Corrode rElec
                  | rF++ Str+3} (You bought it in a shop on level 2 of the
                  | Dungeon)
  1551 | D:3      | Reached XP level 3. HP: 23/28 MP: 4/4
  1750 | D:3      | Reached XP level 4. HP: 34/35 MP: 5/5
  1865 | D:3      | Reached skill level 1 in Axes
  1877 | D:3      | Reached skill level 2 in Axes
  2153 | D:2      | Reached skill level 3 in Axes
  2386 | D:3      | Reached XP level 5. HP: 38/40 MP: 6/6
  2482 | D:3      | Found an opulent altar of Gozag.
  2692 | D:4      | Found Ineppa's Armour Shop.
  2863 | D:2      | Reached skill level 4 in Axes
  3056 | D:4      | Found a sacrificial altar of Ru.
  3286 | D:4      | Reached skill level 5 in Axes
  3379 | D:3      | Reached XP level 6. HP: 43/47 MP: 7/7
  3494 | D:4      | Found a snail-covered altar of Cheibriados.
  3502 | D:4      | Reached skill level 6 in Axes
  3570 | D:4      | Noticed Edmund
  3874 | D:3      | Slain by a wight

Illustrated notes

Levels and vault maps discovered:
D:1:      wander_arrival_desolate, layout_loops_cross, minmay_misc_feat_tower,
          minmay_gold_behind_fungi
D:2:      layout_loops_cross, serial_shops, shop, serial_bayou,
          serial_bayou_pond_e, serial_bayou_lagoon_a, serial_bayou_crossing,
          serial_bayou_pond_d
D:3:      layout_loops_ring, general_overflow_altar, serial_bayou_pond_c
D:4:      layout_rooms, slow_altar_2, nicolae_ru_sacrificial_ziggurat,
          nicolae_stop_n_shop_2, uniq_menkaure, uniq_edmund

Skill      XL: |  1  2  3  4  5  6 |
---------------+-------------------+-----
Long Blades    | 2 3 4 |  4.1
Axes           | 3 5 6 |  6.9
Fighting       | |  1.2
Dodging        | |  1.0
Spellcasting   | |  1.0
Hexes          | |  4.0
Evocations     | |  2.0

Action                     |  1- 3 |  4- 6 || total
---------------------------+-------+-------++-------
  Melee: Falchion          |    49 |       ||    49
         Punch             |     1 |     4 ||     5
         Spear             |    61 |   253 ||   314
         War axe           |       |    21 ||    21
         Long sword        |       |    16 ||    16
  Throw: Dart              |       |     1 ||     1
   Cast: Slow              |       |     7 ||     7
    Use: Scroll            |       |     7 ||     7
   Stab: Sleeping          |     2 |       ||     2
 Armour: Leather armour    |    23 |    14 ||    37
         Ring mail         |       |    21 ||    21
  Dodge: Dodged            |    54 |   162 ||   216

Table legend: (Time is in decaauts)
 A = Elapsed time spent in this place.
 B = Non-inter-level travel time spent in this place.
 C = Inter-level travel time spent in this place.
 D = Time resting spent in this place.
 E = Time spent auto-exploring this place.
 F = Levels seen in this place.
 G = Mean time per level.
                   A        B        C        D        E       F      G
               +--------+--------+--------+--------+--------+-----+--------+
         Total |   3813 |   3456 |    357 |    357 |   2157 |   4 |  953.2 |
       Dungeon |   3813 |   3456 |    357 |    357 |   2157 |   4 |  953.2 |
               +--------+--------+--------+--------+--------+-----+--------+

Top non-repeatable levels by time:
     D:3: 1442 daAuts
     D:2: 1027 daAuts
     D:1: 782 daAuts
     D:4: 560 daAuts
